Map: Traitor's Exile

Players

BigPapa

  • Race: Protoss Protoss
  • League: Platinum
  • Spawn Location: 5:00

MRHOBBS

  • Race: Terran Terran
  • League: Gold
  • Spawn Location: 6:00

GENCOC - Winner!

  • Race: Terran Terran
  • Spawn Location: 12:00

PureLegacy - Winner!

  • Race: Terran Terran
  • Spawn Location: 9:00

VOD

Have the link to the VOD?

Description

Time

  • Played on: Nov. 23, 2018, 10:19 a.m.
  • Length: 10:17
Show
View Real Time Build Order
Export as new Build Order

BigPapa Protoss 

Build Orders:  

Get SALT Encoding   

  12  0:00  Probe  
  13  0:13  Probe  
  14  0:20  Pylon  
  14  0:30  Probe  
  15  0:39  Pylon  
  15  0:42  Probe  
  16  0:54  Probe  
  17  1:02  Gateway  
  17  1:06  Probe  
  17  1:09  Gateway  
  18  1:24  Gateway  
  18  1:32  Gateway  
  18  1:37  Pylon  
  18  1:50  Zealot  
  20  1:57  Zealot  
  20  1:59  Pylon  
  22  2:05  Zealot  
  22  2:06  Pylon  
  22  2:13  Zealot  
  23  2:22  Zealot  
  26  2:33  Probe  
  27  2:41  Zealot  
  29  2:45  Zealot  
  31  3:11  Probe  
  31  3:13  Forge  
  31  3:16  Zealot x2  
  31  3:19  Probe  
  37  3:31  Zealot  
  25  4:08  Zealot  
  7  5:16  Photon Cannon  
  7  5:21  Probe  
  8  5:51  Photon Cannon  
Show
View Real Time Build Order
Export as new Build Order

MRHOBBS Terran 

Build Orders:  

Get SALT Encoding   

  12  0:01  SCV  
  13  0:13  SCV  
  14  0:18  Supply Depot  
  14  0:25  SCV  
  15  0:39  SCV  
  15  0:41  Supply Depot  
  16  0:57  SCV  
  17  1:06  Barracks  
  17  1:09  SCV  
  18  1:11  Barracks  
  18  1:21  SCV  
  19  1:28  Supply Depot  
  19  1:36  SCV  
  20  1:52  Orbital Command  
  20  1:53  Marine  
  21  1:55  Barracks  
  21  1:58  Marine  
  22  2:11  Barracks, Marine  
  23  2:16  Marine  
  24  2:29  Marine  
  25  2:34  Marine  
  26  2:42  Marine  
  27  2:46  Marine  
  26  2:51  Marine  
  26  3:00  Marine  
  23  3:09  Marine  
  18  3:13  Marine  
  18  3:14  Marine  
  18  3:18  Marine  
  17  3:27  Marine  
  17  3:31  Marine x2  
  20  3:35  Marine  
  21  3:45  Marine  
  22  3:49  Marine x2  
  22  3:53  Marine  
  24  4:24  Orbital Command  
  1  5:18  SCV  
  2  5:30  SCV  
  2  5:33  Marine x2  
  2  5:35  Marine  
  6  5:39  Marine  
  8  5:42  SCV  
  8  5:51  Marine x2  
  8  5:53  Marine  
  11  6:04  Supply Depot  
  11  6:19  SCV  
  11  6:21  Marine x3  
  15  6:26  Marine  
  16  6:38  Supply Depot, Marine x2  
  18  6:49  Marine  
  19  6:58  Marine  
  20  7:09  SCV  
  20  7:15  Bunker  
  21  7:22  SCV  
  22  7:34  SCV  
  23  7:40  Marine  
  24  7:46  SCV  
  24  7:51  Bunker  
  25  7:52  Marine  
    8:49  Orbital Command  
Show
View Real Time Build Order
Export as new Build Order

GENCOC Terran - Winner!

Build Orders:  

Get SALT Encoding   

  12  0:18  Supply Depot  
  12  0:19  SCV  
  13  0:31  SCV  
  14  0:41  Barracks  
  14  0:43  SCV  
  15  0:56  SCV  
  16  1:05  Refinery  
  16  1:08  SCV  
  17  1:20  SCV  
  18  1:35  SCV  
  18  1:38  Command Center  
  19  1:41  Marine  
  20  1:48  Supply Depot, SCV  
  21  2:02  Marine  
  22  2:15  SCV  
  22  2:20  Refinery, Marine  
  24  2:28  Factory, SCV  
  25  2:42  Marine  
  26  2:48  SCV  
  27  3:03  Supply Depot  
  1  6:23  SCV  
  2  6:35  SCV  
  3  6:47  SCV  
  4  6:57  Refinery  
  4  6:58  Refinery  
  4  6:59  SCV  
  5  7:11  SCV  
  6  7:23  SCV  
  7  7:35  SCV  
  8  8:35  SCV  
  9  8:47  SCV  
  10  8:59  SCV  
  11  9:11  SCV  
  12  9:23  SCV  
Show
View Real Time Build Order
Export as new Build Order

PureLegacy Terran - Winner!

Build Orders:  

Get SALT Encoding   

  12  0:01  SCV  
  13  0:13  SCV  
  14  0:18  Supply Depot  
  14  0:25  SCV  
  15  0:31  Refinery  
  15  0:39  SCV  
  16  0:46  Barracks  
  16  0:51  SCV  
  17  1:03  Barracks  
  17  1:17  Barracks  
  17  1:21  SCV  
  18  1:34  Reaper  
  19  1:40  Orbital Command  
  19  1:47  Refinery  
  19  1:50  Reaper  
  20  2:01  Supply Depot  
  20  2:04  Reaper  
  21  2:11  Reaper  
  22  2:26  Reaper  
  22  2:27  SCV  
  22  2:28  Supply Depot  
  24  2:37  Reaper  
  25  2:42  SCV  
  25  2:43  Reaper  
  27  3:01  Reaper  
  28  3:10  Barracks, Bunker  
  28  3:11  Barracks  
  28  3:13  Reaper  
  28  3:19  Reaper  
  30  3:33  Reaper  
  31  3:45  Reaper  
  33  3:48  SCV  
  33  3:51  Reaper  
  33  3:52  Supply Depot  
  32  4:12  Reaper  
  29  4:17  Reaper  
  29  4:19  Reaper  
  29  4:23  Reaper  
  31  4:29  Reaper  
  31  4:30  SCV  
  33  4:38  Command Center  
  33  4:44  Reaper  
  33  4:45  SCV  
  34  4:49  Reaper  
  35  4:57  Reaper  
  35  4:58  Reaper  
  37  5:01  SCV  
  37  5:03  Supply Depot  
  38  5:16  Reaper  
  39  5:25  Reaper  
  39  5:28  SCV  
  41  5:31  Reaper x3  
  41  5:35  Supply Depot  
  45  5:50  Barracks  
  45  5:51  Barracks  
  45  5:53  Orbital Command  
  45  5:56  Factory  
  45  6:01  SCV  
  47  6:20  SCV x2  
  46  6:48  SCV x2  
  46  6:51  Factory Reactor, Starport  
  46  6:53  Barracks Reactor  
  48  6:57  Starport  
  48  7:53  Viking x4  
  50  8:23  Viking x4  
  58  8:53  Viking x4  
  66  9:23  Viking x2  
  70  10:00  Supply Depot  
  70  10:01  Supply Depot x2  
Tags
 
Add a new tag
Caveats
  • Supply blocks, unpowered buildings, or Contaminate may cause inaccurate times.
  • Supply counts are checked every 10 seconds.